AoeStats
← Horny

Hideout

510115460Analyzed
1v1 RM · 4d ago on Sep 29, 2026· 41m 55s· 2 players
Game mode
Random Map
Map size
Tiny (2 player)
Population
200
Speed
Normal
Resources
Standard
Victory
Conquest
Starting age
Dark Age
Ending age
Imperial Age
RankedLock teamsTeams togetherTeam positionsShared explorationLock speedFull tech treeHidden civsTurbo modeCheats
Victory
Defeat
🇸🇮 Mongols · Slovenia
1188
+17
🇸🇪 Franks · Sweden
1200
-17
Horny
11:19 Feudal Age
11:23 Loom
15:19 Castle Age
14:26 Double-Bit Axe
19:50 Horse Collar
20:22 Fletching
22:18 Gold Mining
23:43 Padded Archer Armor
23:45 Town Watch
26:01 Wheelbarrow
26:08 Bodkin Arrow
31:32 Imperial Age
29:08 Stone Mining
30:14 Ballistics
30:12 Leather Archer Armor
30:56 Hand Cart
30:53 Heavy Plow
31:54 Masonry
32:20 Bracer
34:12 Chemistry
33:27 Bow Saw
34:35 Gold Shaft Mining
34:59 Elite Mangudai
36:02 Bloodlines
36:04 Husbandry
36:14 Light Cavalry
38:34 Scale Barding Armor
38:30 Scale Mail Armor
38:18 Hussar
39:32 Town Patrol
41:34 Chain Barding Armor
41:30 Chain Mail Armor
42:05 Stone Shaft Mining
Klypabaarke
6:49 Loom
10:14 Feudal Age
10:46 Double-Bit Axe
17:57 Castle Age
19:08 Wheelbarrow
18:48 Bow Saw
22:20 Husbandry
23:32 Hand Cart
23:26 Fletching
24:09 Padded Archer Armor
25:13 Elite Skirmisher
26:15 Bodkin Arrow
29:27 Ordonnance Companies
30:36 Ballistics
30:29 Masonry
32:22 Leather Archer Armor
33:53 Scale Barding Armor
36:44 Imperial Age
36:40 Forging
38:34 Chain Barding Armor
37:47 Cranequins
39:54 Iron Casting
40:19 Plate Barding Armor
40:50 Conscription
40:09 Heavy Mounted Crossbowman
40:54 Gold Mining
40:54 Stone Mining
Connection lost

Rejoining the realm…

Still unreachable

The connection could not be restored.

Session expired

The server has moved on; the page needs a fresh start.